 Dungeon Crawl Stone Soup version 0.15-a0-1723-gae8f746 (webtiles) character file.

102 Chiseanne the Ducker (level 4, -5/23 HPs)
             Began as a Spriggan Fighter on June 26, 2014.
             Slain by Crazy Yiuf
             ... wielding a +4 quarterstaff of chaos
              (12 damage)
             ... on Level 2 of the Dungeon.
             The game lasted 00:06:19 (2791 turns).

Chiseanne the Ducker (Spriggan Fighter)             Turns: 2791, Time: 00:06:20

HP  -5/23        AC  2     Str 17      XL: 4   Next: 50%
MP   8/8         EV 21     Int  9      God:
Gold 144         SH  7     Dex 19      Spells:  0 memorised,  3 levels left

rFire  . . .     SeeInvis +     a - +0 cutlass
rCold  . . .     Clarity  .     b - +0 robe
rNeg   . . .     rCorr    .     c - +0 buckler
rPois  .         rRot     .     (helmet restricted)
rElec  .         Spirit   .     (no cloak)
SustAb .         Warding  .     (gloves unavailable)
rMut   .         Stasis   .     (boots unavailable)
Gourm  .                        k - amulet of rage
MR     .....                    i - +3 ring of dexterity
                                r - ring of invisibility

@: mighty, lethally poisoned, very slightly contaminated, hasted, very quick,
not resistant to hostile enchantments, fairly stealthy
A: unfitting armour, see invisible, herbivore 3, speed 3, slow metabolism 2
a: Evoke Berserk Rage, Evoke Invisibility


You were on level 2 of the Dungeon.
You were not hungry.

You visited 1 branch of the dungeon, and saw 2 of its levels.

You collected 144 gold pieces.

Inventory:

Hand weapons
 a - a +0 cutlass (weapon)
Missiles
 f - 5 needles of sleeping
 m - 18 poisoned needles
Armour
 b - a +0 robe (worn)
 c - a +0 buckler (worn)
Comestibles
 g - 2 bread rations
 o - 2 royal jellies
Jewellery
 i - a +3 ring of dexterity (right hand)
 k - an amulet of rage (around neck)
 r - a ring of invisibility (left hand)
Potions
 d - a potion of porridge
 j - a potion of restore abilities
 s - a potion of heal wounds {unknown}


   Skills:
 - Level 2.4 Fighting
 * Level 2.8 Short Blades
 * Level 6.0 Dodging
 * Level 2.5 Stealth
 * Level 2.7 Shields
 * Level 0.4 Evocations


You had 3 spell levels left.
You didn't know any spells.

Dungeon Overview and Level Annotations

Branches:
Dungeon (2/15)

Altars:
Dithmenos
Qazlal

Annotations:
D:2 Crazy Yiuf


Innate Abilities, Weirdness & Mutations

You are tiny and cannot use many weapons and most armour.
You have supernaturally acute eyesight.
You are a herbivore.
You cover ground extremely quickly.
You need consume almost no food.


Message History

Crazy Yiuf barely misses you.
You hit Crazy Yiuf but do no damage.
Crazy Yiuf is severely wounded.
Crazy Yiuf cries, "Spliff light ragdoll!"
Crazy Yiuf hits you with a quarterstaff of chaos!
You are lethally poisoned!
You hit Crazy Yiuf.
Crazy Yiuf is almost dead.
You feel sick.
Crazy Yiuf hits you with a quarterstaff of chaos.
You feel yourself speed up.
Drink which item? (? for menu, Esc to quit)
You feel very mighty all of a sudden. Crazy Yiuf closely misses you.
You closely miss Crazy Yiuf.
Crazy Yiuf is almost dead.
You feel sick.
Crazy Yiuf hits you with a quarterstaff of chaos!
Ouch! That really hurt!
You die...

#.#
#####(.....#..##.
#.# #......#.....
#.# #........###.
#### ########## #.
#.# #. #.# #. #.#
##### ♣♣######. #.#
#)..#♣♣ ♣♣..+.....
#.#
#g@...♣♣♣♣))....##.
#.#
#...#♣..♣.......###
#.#
#####♣♣♣.♣...+..# #
#.# ♣♣♣♣♣##### #
#.# # #.#### ### #
##...# #.# # ##.##
##.## # #.#
#####...#### #


You could see Crazy Yiuf.

Vanquished Creatures
  Terence (D:2)
  3 adders (D:2)
  2 worms (D:2)
  2 oozes (D:1)
  2 giant cockroaches (D:1)
  10 hobgoblins
  3 jackals (D:1)
  5 kobolds
  9 bats
  A giant newt (D:2)
  3 goblins (D:2)
  7 rats
48 creatures vanquished.

Notes
Turn   | Place    | Note
--------------------------------------------------------------
     0 | D:1      | Chiseanne, the Spriggan Fighter, began the quest for the Orb.
     0 | D:1      | Reached XP level 1. HP: 11/11 MP: 2/2
    32 | D:1      | Reached skill level 1 in Stealth
   284 | D:1      | Reached XP level 2. HP: 16/16 MP: 4/4
   497 | D:1      | Reached skill level 5 in Dodging
   952 | D:1      | Reached XP level 3. HP: 19/19 MP: 6/6
  1570 | D:2      | Found a stormy altar of Qazlal.
  1571 | D:2      | Noticed a fire elemental
  1572 | D:2      | Noticed an earth elemental
  1572 | D:2      | Noticed an air elemental
  1572 | D:2      | Noticed a water elemental
  1766 | D:2      | Reached XP level 4. HP: 10/23 MP: 8/8
  2012 | D:2      | Noticed Terence
  2024 | D:2      | Reached skill level 6 in Dodging
  2032 | D:2      | Killed Terence
  2408 | D:2      | Found a shadowy altar of Dithmenos.
  2781 | D:2      | Noticed Crazy Yiuf
  2791 | D:2      | Slain by Crazy Yiuf

Action                   |  1- 3 |  4- 6 || total
-------------------------+-------+-------++-------
Melee: Cutlass           |   135 |    38 ||   173
Evoke: Wand              |       |     1 ||     1
  Use: Potion            |     1 |     2 ||     3
       Scroll            |       |     6 ||     6
 Stab: Sleeping          |     7 |     1 ||     8
